| TOP OF THE 1ST |
|
Cleveland (APP) Indians batting - Pitching for Oakland (APP) Athletics : LHP Kalaida Steedman
|
|
Pitching: LHP Kalaida Steedman
|
|
|
Batting: RHB John Clark
|
0-0: Called Strike 0-1: Swinging Strike 0-2: Ball 1-2: Foul Ball, location: 2F 1-2: Strikes out looking
|
|
Batting: RHB Carlos Manriquez
|
0-0: Called Strike 0-1: Ground out 4-3 (Groundball, 4, EV 82.5 MPH)
|
|
Batting: RHB Juan Gallardo
|
0-0: Called Strike 0-1: Ball 1-1: Swinging Strike 1-2: Strikes out swinging
|
| Top of the 1st over - 0 runs, 0 hits, 0 errors, 0 left on base; Cleveland (APP) 0 - Oakland (APP) 0 |
| BOTTOM OF THE 1ST |
|
Oakland (APP) Athletics batting - Pitching for Cleveland (APP) Indians : RHP Jose Esteban
|
|
Pitching: RHP Jose Esteban
|
|
|
Batting: RHB Colin Coleman
|
0-0: Called Strike 0-1: Ball 1-1: Swinging Strike 1-2: Foul Ball, location: 2F 1-2: Ball 2-2: Ball 3-2: Ground out 3-1 (Groundball, 34, EV 100.0 MPH)
|
|
Batting: RHB Branden Mackie
|
0-0: Ball 1-0: SINGLE (Groundball, 3D, EV 105.0 MPH)
|
|
Batting: RHB Tetsuya Shinoda
|
0-0: Grounds into double play, 6-4-3 (Groundball, 6, EV 108.1 MPH)
|
| Bottom of the 1st over - 0 runs, 1 hit, 0 errors, 0 left on base; Cleveland (APP) 0 - Oakland (APP) 0 |
| TOP OF THE 2ND |
|
Cleveland (APP) Indians batting - Pitching for Oakland (APP) Athletics : LHP Kalaida Steedman
|
|
Batting: RHB Luis Roman
|
0-0: Ground out 6-3 (Groundball, 6M, EV 83.8 MPH)
|
|
Batting: LHB Kenji Yokoyama
|
0-0: Ball 1-0: Ball 2-0: Called Strike 2-1: Foul Ball, location: 2F 2-2: Strikes out swinging
|
|
Batting: RHB Joe Shade
|
0-0: Foul Ball, location: 2F 0-1: Ground out U3 (Groundball, 34, EV 103.8 MPH)
|
| Top of the 2nd over - 0 runs, 0 hits, 0 errors, 0 left on base; Cleveland (APP) 0 - Oakland (APP) 0 |
| BOTTOM OF THE 2ND |
|
Oakland (APP) Athletics batting - Pitching for Cleveland (APP) Indians : RHP Jose Esteban
|
|
Batting: RHB Steve Blackshear
|
0-0: Called Strike 0-1: Called Strike 0-2: Ball 1-2: Foul Ball, location: 2F 1-2: Foul Ball, location: 2F 1-2: SINGLE (Groundball, 6S, EV 64.4 MPH) (infield hit)
|
|
Batting: RHB Josh Whaley
|
0-0: Ball 1-0: Ball Passed Ball! Steve Blackshear to second 2-0: SINGLE (Line Drive, 78S, EV 104.4 MPH) Steve Blackshear to third
|
|
Batting: LHB Al Soltero
|
0-0: Foul Ball, location: 2F 0-1: Ball 1-1: Swinging Strike 1-2: 3-RUN HOME RUN (Line Drive, 89XD, EV 96.9 MPH), Distance : 386 ft
|
|
Batting: LHB Gregg Power
|
0-0: Called Strike 0-1: Ground out 6-3 (Groundball, 4, EV 109.4 MPH)
|
|
Batting: RHB Chris Temple
|
0-0: Ball 1-0: Called Strike 1-1: Foul Ball, location: 2F 1-2: Ball 2-2: Foul Ball, location: 2F 2-2: Strikes out swinging
|
|
Batting: RHB Tim Anderson
|
0-0: Ball 1-0: SINGLE (Flyball, 8LS, EV 90.6 MPH)
|
|
Batting: RHB Colin Coleman
|
0-0: Ball Passed Ball! Tim Anderson to second 1-0: SINGLE (Groundball, 34S, EV 99.4 MPH) Tim Anderson to third Runner from 3rd tries for Home, throw by RF and OUT! 9-2
|
| Bottom of the 2nd over - 3 runs, 5 hits, 0 errors, 1 left on base; Cleveland (APP) 0 - Oakland (APP) 3 |
| TOP OF THE 3RD |
|
Cleveland (APP) Indians batting - Pitching for Oakland (APP) Athletics : LHP Kalaida Steedman
|
|
Batting: LHB Heath Ryland
|
0-0: Called Strike 0-1: Ball 1-1: Called Strike 1-2: Foul Ball, location: 2F 1-2: Strikes out swinging, 2-3 out at first.
|
|
Batting: RHB Ken Shear
|
0-0: Swinging Strike 0-1: Called Strike 0-2: Ball 1-2: Strikes out swinging
|
|
Batting: SHB Mike Shields
|
0-0: Called Strike 0-1: Swinging Strike 0-2: Ball 1-2: Ball 2-2: Strikes out swinging
|
| Top of the 3rd over - 0 runs, 0 hits, 0 errors, 0 left on base; Cleveland (APP) 0 - Oakland (APP) 3 |
| BOTTOM OF THE 3RD |
|
Oakland (APP) Athletics batting - Pitching for Cleveland (APP) Indians : RHP Jose Esteban
|
|
Batting: RHB Branden Mackie
|
0-0: Ball 1-0: Called Strike 1-1: Ball 2-1: Foul Ball, location: 2F 2-2: Ball 3-2: Base on Balls
|
|
Batting: RHB Tetsuya Shinoda
|
0-0: Called Strike 0-1: Fly out, F7 (Flyball, 7, EV 91.9 MPH)
|
|
Batting: RHB Steve Blackshear
|
0-0: Ball 1-0: Foul Ball, location: 2F 1-1: Ball Branden Mackie steals 2nd, throwing error, E2 Branden Mackie to third 2-1: Ball Passed Ball! Branden Mackie scores 3-1: Base on Balls
|
|
Batting: RHB Josh Whaley
|
0-0: Ball Passed Ball! Steve Blackshear to second 1-0: Ball Passed Ball! Steve Blackshear to third 2-0: Called Strike 2-1: Ball 3-1: Base on Balls
|
|
Batting: LHB Al Soltero
|
0-0: Called Strike 0-1: Fielders Choice at 2nd, 4-6 (Groundball, 4, EV 95.6 MPH) Steve Blackshear scores
|
|
Batting: LHB Gregg Power
|
0-0: Ball 1-0: Foul Ball, location: 2F 1-1: Fly out, F9 (Flyball, 9, EV 90.6 MPH)
|
| Bottom of the 3rd over - 2 runs, 0 hits, 1 error, 1 left on base; Cleveland (APP) 0 - Oakland (APP) 5 |
| TOP OF THE 4TH |
|
Cleveland (APP) Indians batting - Pitching for Oakland (APP) Athletics : LHP Kalaida Steedman
|
|
Batting: RHB John Clark
|
0-0: Called Strike 0-1: Foul Ball, location: 2F 0-2: Reached on error, E1 (Groundball, 13S, EV 68.1 MPH)
|
|
Batting: RHB Carlos Manriquez
|
0-0: Called Strike 0-1: Ball 1-1: Called Strike 1-2: Foul Ball, location: 2F 1-2: Ball 2-2: Ball 3-2: Strikes out looking
|
|
Batting: RHB Juan Gallardo
|
0-0: Called Strike John Clark steals 2nd base 0-1: Reached on error, E6 (Groundball, 56, EV 106.3 MPH) John Clark to third
|
|
Batting: RHB Luis Roman
|
0-0: Called Strike 0-1: Foul Ball, location: 2F 0-2: Ball 1-2: Foul Ball, location: 2F 1-2: Ball 2-2: Ball 3-2: Base on Balls Juan Gallardo to second
|
|
Batting: LHB Kenji Yokoyama
|
0-0: Foul Ball, location: 2F 0-1: Ball 1-1: Ball 2-1: SINGLE (Groundball, 56D, EV 102.5 MPH) John Clark scores Juan Gallardo to third Luis Roman to second
|
|
Batting: RHB Joe Shade
|
0-0: Hit by Pitch Juan Gallardo scores Luis Roman to third Kenji Yokoyama to second
|
|
Batting: LHB Heath Ryland
|
0-0: DOUBLE (Line Drive, 9LS, EV 97.5 MPH) Luis Roman scores Kenji Yokoyama scores Joe Shade to third Runner from 3rd tries for Home, SAFE, throw by RF to home
|
|
Pitching: LHP David Rodriguez
|
|
|
Batting: RHB Ken Shear
|
0-0: Swinging Strike 0-1: Ball 1-1: Foul Ball, location: 2F 1-2: Strikes out swinging
|
|
Batting: SHB Mike Shields
|
0-0: Called Strike 0-1: Ball 1-1: Swinging Strike 1-2: Ball 2-2: Strikes out looking
|
| Top of the 4th over - 5 runs, 2 hits, 2 errors, 1 left on base; Cleveland (APP) 5 - Oakland (APP) 5 |
| BOTTOM OF THE 4TH |
|
Oakland (APP) Athletics batting - Pitching for Cleveland (APP) Indians : RHP Jose Esteban
|
|
Batting: RHB Chris Temple
|
0-0: Called Strike 0-1: Ground out 5-3 (Groundball, 5, EV 103.8 MPH)
|
|
Batting: RHB Tim Anderson
|
0-0: Ball 1-0: Fly out, F3 (Line Drive, 3, EV 68.8 MPH)
|
|
Batting: RHB Colin Coleman
|
0-0: Ground out 4-3 (Groundball, 4, EV 107.5 MPH)
|
| Bottom of the 4th over - 0 runs, 0 hits, 0 errors, 0 left on base; Cleveland (APP) 5 - Oakland (APP) 5 |
| TOP OF THE 5TH |
|
Cleveland (APP) Indians batting - Pitching for Oakland (APP) Athletics : LHP David Rodriguez
|
|
Batting: RHB John Clark
|
0-0: Ball 1-0: Ball 2-0: Called Strike 2-1: Swinging Strike 2-2: Foul Ball, location: 2F 2-2: Strikes out swinging
|
|
Batting: RHB Carlos Manriquez
|
0-0: Foul Ball, location: 2F 0-1: Foul Ball, location: 2F 0-2: Ball 1-2: Strikes out swinging
|
|
Batting: RHB Juan Gallardo
|
0-0: Ball 1-0: Called Strike 1-1: Called Strike 1-2: Foul Ball, location: 2F 1-2: Ball 2-2: Ball 3-2: Strikes out swinging
|
| Top of the 5th over - 0 runs, 0 hits, 0 errors, 0 left on base; Cleveland (APP) 5 - Oakland (APP) 5 |
| BOTTOM OF THE 5TH |
|
Oakland (APP) Athletics batting - Pitching for Cleveland (APP) Indians : RHP Jose Esteban
|
|
Batting: RHB Branden Mackie
|
0-0: Ball 1-0: Ball 2-0: Called Strike 2-1: Ball 3-1: Base on Balls
|
|
Batting: RHB Tetsuya Shinoda
|
0-0: Ball 1-0: Fly out, F7 (Flyball, 78XD, EV 105.0 MPH)
|
|
Batting: RHB Steve Blackshear
|
0-0: Called Strike 0-1: Foul Ball, location: 2F 0-2: Ball 1-2: Ball Passed Ball! Branden Mackie to second 2-2: Strikes out swinging
|
|
Batting: RHB Josh Whaley
|
0-0: Fly out, F7 (Flyball, 78D, EV 82.5 MPH)
|
| Bottom of the 5th over - 0 runs, 0 hits, 0 errors, 1 left on base; Cleveland (APP) 5 - Oakland (APP) 5 |
| TOP OF THE 6TH |
|
Cleveland (APP) Indians batting - Pitching for Oakland (APP) Athletics : LHP David Rodriguez
|
|
Batting: RHB Luis Roman
|
0-0: Ball 1-0: Called Strike 1-1: Ball 2-1: Called Strike 2-2: Strikes out swinging
|
|
Batting: LHB Kenji Yokoyama
|
0-0: Called Strike 0-1: Ground out 6-3 (Groundball, 6, EV 82.5 MPH)
|
|
Batting: RHB Joe Shade
|
0-0: Ball 1-0: Ball 2-0: Ball 3-0: Called Strike 3-1: Called Strike 3-2: Foul Ball, location: 2F 3-2: Strikes out looking
|
| Top of the 6th over - 0 runs, 0 hits, 0 errors, 0 left on base; Cleveland (APP) 5 - Oakland (APP) 5 |
| BOTTOM OF THE 6TH |
|
Oakland (APP) Athletics batting - Pitching for Cleveland (APP) Indians : RHP Jose Esteban
|
|
Batting: LHB Al Soltero
|
0-0: Ball 1-0: Ground out 4-3 (Groundball, 4, EV 88.8 MPH)
|
|
Batting: LHB Gregg Power
|
0-0: Ball 1-0: Ground out 5-3 (Groundball, 6, EV 90.6 MPH)
|
|
Batting: RHB Chris Temple
|
0-0: Called Strike 0-1: Ball 1-1: Ball 2-1: SINGLE (Groundball, 6MD, EV 111.9 MPH)
|
|
Batting: RHB Tim Anderson
|
0-0: Called Strike 0-1: Ball Passed Ball! Chris Temple to second 1-1: Called Strike 1-2: Foul Ball, location: 2F 1-2: Fly out, F7 (Line Drive, 7, EV 88.8 MPH)
|
| Bottom of the 6th over - 0 runs, 1 hit, 0 errors, 1 left on base; Cleveland (APP) 5 - Oakland (APP) 5 |
| TOP OF THE 7TH |
|
Cleveland (APP) Indians batting - Pitching for Oakland (APP) Athletics : LHP David Rodriguez
|
|
Pitching: LHP Kevin Barteaux
|
|
|
Batting: LHB Heath Ryland
|
0-0: Swinging Strike 0-1: Ball 1-1: Ball 2-1: Foul Ball, location: 2F 2-2: Foul Ball, location: 2F 2-2: Foul Ball, location: 2F 2-2: Foul Ball, location: 2F 2-2: Ball 3-2: Strikes out looking
|
|
Batting: RHB Ken Shear
|
0-0: Called Strike 0-1: Ball 1-1: Ball 2-1: Ball 3-1: Foul Ball, location: 2F 3-2: Strikes out swinging
|
|
Batting: SHB Mike Shields
|
0-0: Ball 1-0: Foul Ball, location: 2F 1-1: Foul Ball, location: 2F 1-2: Strikes out swinging
|
| Top of the 7th over - 0 runs, 0 hits, 0 errors, 0 left on base; Cleveland (APP) 5 - Oakland (APP) 5 |
| BOTTOM OF THE 7TH |
|
Oakland (APP) Athletics batting - Pitching for Cleveland (APP) Indians : RHP Jose Esteban
|
|
Batting: RHB Colin Coleman
|
0-0: Ball 1-0: Ground out 4-3 (Groundball, 4, EV 86.9 MPH)
|
|
Batting: RHB Branden Mackie
|
0-0: Ball 1-0: Ball 2-0: Called Strike 2-1: Ball 3-1: Base on Balls
|
|
Batting: RHB Tetsuya Shinoda
|
0-0: Ball 1-0: Called Strike Branden Mackie steals 2nd base 1-1: SINGLE (Groundball, 4D, EV 97.5 MPH) Branden Mackie to third Runner from 3rd tries for Home, SAFE, throw by CF to home
|
|
Batting: RHB Steve Blackshear
|
0-0: Called Strike 0-1: Ball 1-1: Ball 2-1: Ball 3-1: Base on Balls Tetsuya Shinoda to second
|
|
Batting: RHB Josh Whaley
|
0-0: Foul Ball, location: 2F 0-1: Ball Passed Ball! Tetsuya Shinoda to third Steve Blackshear to second 1-1: Ball Passed Ball! Tetsuya Shinoda scores Steve Blackshear to third 2-1: Ball 3-1: Foul Ball, location: 2F 3-2: Fly out, F8 (Flyball, 8LM, EV 88.8 MPH) Runner from 3rd tags up, SCORES, no throw by CF
|
|
Batting: LHB Al Soltero
|
0-0: Called Strike 0-1: Foul Ball, location: 2F 0-2: Foul Ball, location: 2F 0-2: Ball 1-2: Foul Ball, location: 2F 1-2: SINGLE (Line Drive, 89M, EV 86.9 MPH)
|
|
Pitching: RHP Gilbert Paparelli
|
|
|
Batting: LHB Gregg Power
|
0-0: Foul Ball, location: 2F 0-1: Ball 1-1: SINGLE (Groundball, 4MD, EV 95.0 MPH) Al Soltero to second
|
|
Batting: RHB Chris Temple
|
0-0: SINGLE (Groundball, 6MD, EV 101.9 MPH) Al Soltero to third Gregg Power to second Runner from 3rd tries for Home, SAFE, throw by CF to home
|
|
Batting: RHB Tim Anderson
|
0-0: Called Strike 0-1: Called Strike 0-2: Strikes out swinging
|
| Bottom of the 7th over - 4 runs, 4 hits, 0 errors, 2 left on base; Cleveland (APP) 5 - Oakland (APP) 9 |
| TOP OF THE 8TH |
|
Cleveland (APP) Indians batting - Pitching for Oakland (APP) Athletics : LHP Kevin Barteaux
|
|
Pitching: RHP A.J. Marston
|
|
|
Batting: RHB John Clark
|
0-0: Called Strike 0-1: Foul Ball, location: 2F 0-2: Fly out, F9 (Flyball, 89M, EV 99.4 MPH)
|
|
Batting: RHB Carlos Manriquez
|
0-0: Ball 1-0: Foul Ball, location: 2F 1-1: Ball 2-1: Ball 3-1: Base on Balls
|
|
Batting: RHB Juan Gallardo
|
0-0: Called Strike 0-1: Swinging Strike 0-2: Foul Ball, location: 2F 0-2: Ball 1-2: Strikes out swinging
|
|
Batting: RHB Luis Roman
|
0-0: SINGLE (Groundball, 34D, EV 100.0 MPH) Carlos Manriquez to second Runner from 2nd tries for 3rd, SAFE, throw by RF made to third Luis Roman to second
|
|
Batting: LHB Kenji Yokoyama
|
0-0: Ball 1-0: Called Strike 1-1: Called Strike 1-2: Ball 2-2: SINGLE (Flyball, 34D, EV 93.8 MPH) Carlos Manriquez scores Luis Roman to third Runner from 3rd tries for Home, SAFE, throw by RF to home
|
|
Batting: RHB Joe Shade
|
0-0: Ball 1-0: Swinging Strike 1-1: Swinging Strike 1-2: Strikes out swinging
|
| Top of the 8th over - 2 runs, 2 hits, 0 errors, 1 left on base; Cleveland (APP) 7 - Oakland (APP) 9 |
| BOTTOM OF THE 8TH |
|
Oakland (APP) Athletics batting - Pitching for Cleveland (APP) Indians : RHP Gilbert Paparelli
|
|
Batting: RHB Colin Coleman
|
0-0: Ball 1-0: Swinging Strike 1-1: Swinging Strike 1-2: Foul Ball, location: 2F 1-2: Foul Ball, location: 2F 1-2: Ball 2-2: Foul Ball, location: 2F 2-2: Ball 3-2: Ground out 4-3 (Groundball, 4M, EV 98.8 MPH)
|
|
Batting: RHB Branden Mackie
|
0-0: Swinging Strike 0-1: Swinging Strike 0-2: Ball 1-2: Foul Ball, location: 2F 1-2: Ball 2-2: Ball 3-2: Foul Ball, location: 2F 3-2: Strikes out swinging
|
|
Pitching: LHP Jordan Jimenez
|
|
|
Batting: RHB Tetsuya Shinoda
|
0-0: Ball 1-0: Called Strike 1-1: Ball 2-1: Called Strike 2-2: Ground out 5-3 (Groundball, 5, EV 101.9 MPH)
|
| Bottom of the 8th over - 0 runs, 0 hits, 0 errors, 0 left on base; Cleveland (APP) 7 - Oakland (APP) 9 |
| TOP OF THE 9TH |
|
Cleveland (APP) Indians batting - Pitching for Oakland (APP) Athletics : RHP A.J. Marston
|
|
Pitching: RHP Jon Hollman
|
|
|
Now at 1B: Jason Dove
|
|
|
Now in LF: Josh Whaley
|
|
|
Now in CF: Mark Friedmann
|
|
|
Batting: LHB Heath Ryland
|
0-0: Called Strike 0-1: Called Strike 0-2: Strikes out looking
|
|
Batting: RHB Ken Shear
|
0-0: Swinging Strike 0-1: Ball 1-1: Ground out 4-3 (Groundball, 4, EV 78.8 MPH)
|
|
Batting: SHB Mike Shields
|
0-0: Called Strike 0-1: Foul Ball, location: 2F 0-2: Ball 1-2: Strikes out swinging
|
| Top of the 9th over - 0 runs, 0 hits, 0 errors, 0 left on base; Cleveland (APP) 7 - Oakland (APP) 9 |
|